 Dungeon Crawl Stone Soup version 0.30.0-29-ga12c61a403 (webtiles) character file.

Game seed: 13547230923288120397

32 NotreDorf the Poker (level 3, 0/45 HPs)
             Began as a Merfolk Berserker on June 12, 2023.
             Was a Follower of Trog.
             Slain by a gnoll
             ... wielding a +0 halberd
              (12 damage)
             ... on level 2 of the Dungeon.
             The game lasted 00:03:49 (1425 turns).

NotreDorf the Poker (Merfolk Berserker)             Turns: 1425, Time: 00:03:49

Health: 0/45       AC:  2    Str: 19    XL:     3   Next: 27%
Magic:  3/3        EV: 13    Int:  6    God:    Trog [*.....]
Gold:   45         SH:  0    Dex: 19    Spells: 2/2 levels left

rFire   . . .        a - +0 spear
rCold   . . .        (no shield)
rNeg    . . .        b - +0 animal skin
rPois   .            (no helmet)
rElec   .            (no cloak)
rCorr   .            (no gloves)
SInv    .            (no boots)
Will    .....        (no amulet) Stlth
                     h - +6 ring of dexterity
HPRegen 0.27/turn    (no ring)
MPRegen 0.08/turn

%: no passive effects
@: berserking, very quick
A: (nimble swimmer 2), mertail
a: Renounce Religion, Berserk


You were on level 2 of the Dungeon.
You worshipped Trog.
Trog was aware of your devotion.
You visited 1 branch of the dungeon, and saw 2 of its levels.

You collected 78 gold pieces.
You spent 33 gold pieces at shops.

Inventory:

Hand Weapons
 a - a +0 spear (weapon)
Missiles
 c - 17 stones (quivered)
Armour
 b - a +0 animal skin (worn)
Jewellery
 h - a +6 ring of dexterity (left hand)
Wands
 j - a wand of iceblast (7)
Scrolls
 d - 2 scrolls of teleportation
 e - a scroll of poison {unknown}
 f - a scroll of blinking {unknown}
Potions
 g - a potion of berserk rage {unknown}
 i - a potion of attraction {unknown}


   Skills:
 + Level 3.7 Fighting
 + Level 4.4 Polearms
 + Level 1.1 Throwing
 - Level 1.3 Armour
 + Level 3.3 Dodging
 - Level 0.1 Stealth


You had 2 spell levels left.
You didn't know any spells.
Your spell library was empty.

Dungeon Overview and Level Annotations

Branches:
Dungeon (2/15)

Altars:

Shops:
D:1 =   D:2 *


Innate Abilities, Weirdness & Mutations

((You are very nimble when in or above water. (Stealth+, EV+, Speed+++)))
Your lower body shifts to a powerful aquatic tail in water.


Message History

The gnoll barely misses you. The gnoll misses you.
You closely miss the gnoll.
The gnoll is heavily wounded.
The gnoll misses you. The gnoll closely misses you.
The gnoll attacks as you move away! The gnoll hits you with a +0 club.
You are too injured to fight recklessly!
You are too injured to fight recklessly!
You are too injured to fight recklessly!
You hit the gnoll.
The gnoll is almost dead.
The gnoll misses you.
You hit the gnoll but do no damage.
The gnoll is almost dead.
The gnoll closely misses you.
You hit the gnoll.
You kill the gnoll!
Trog accepts your kill.
Your Throwing skill increases to level 1!
You have reached level 3!
Your experience leads to an increase in your attributes!
Your base attributes are Str 17, Int 6, Dex 13.
Increase (S)trength, (I)ntelligence, or (D)exterity?
You feel stronger. x2
You barely miss the goblin. The goblin hits you with a +0 club.
The gnoll closely misses you.
You hit the goblin.
You kill the goblin!
Trog accepts your kill.
A red film seems to cover your vision as you go berserk!
You feel yourself moving faster!
You feel mighty! The gnoll hits you with a +0 spear.
The gnoll barely misses you.
You barely miss the gnoll.
The gnoll hits you from afar with a +0 halberd.
The gnoll hits you with a +0 spear!
* * * LOW HITPOINT WARNING * * *
You puncture the gnoll!
You kill the gnoll!
Trog accepts your kill.
The gnoll hits you from afar with a +0 halberd!
You die...

....#....# #.# ....
..|.#....# #.# .....
.####.#### #.# .....
......######.# ...g..
...<.........#
###......
.............#
#g.......
.............####g#
...........)#.#.#)#
...........#.#.#@#.#
............#.#.#)#.#
......[....#.#.#.#.#.#
#########.#.#.#.#.#.#.#
#.##.#.#.#.#.#.#
#...#.#.#.#.#.## #.##
#.#.#.#.#.# .. #. #.##


You could see 2 gnolls.

Vanquished Creatures
  2 gnolls (D:2)
  A dart slug (D:2)
  2 ball pythons
  3 endoplasms (D:1)
  A giant cockroach (D:2)
  3 goblins
  A hobgoblin (D:2)
  A quokka (D:1)
  A bat (D:1)
  4 kobolds
  3 rats (D:1)
22 creatures vanquished.

Notes
Turn   | Place    | Note
-------+----------+-------------------------------------------
     0 | D:1      | NotreDorf the Merfolk Berserker began the quest for the
                  | Orb.
     0 | D:1      | Reached XP level 1. HP: 18/18 MP: 1/1
   166 | D:1      | Found Koken's Jewellery Shop.
   273 | D:1      | Reached XP level 2. HP: 23/24 MP: 2/2
  1304 | D:2      | Found Qirphuti's General Store.
  1315 | D:2      | Bought a scroll of teleportation for 33 gold pieces
  1421 | D:2      | Reached skill level 1 in Throwing
  1421 | D:2      | Reached XP level 3. HP: 16/30 MP: 3/3
  1425 | D:2      | Slain by a gnoll

Illustrated notes

Levels and vault maps discovered:
D:1:      elethiomel_arrival_quiet, layout_loops_ring, serial_co_window_serial,
          co_window_paths_a, co_window_paths_a, co_window_paths_a,
          co_window_paths_a, co_window_paths_b, co_window_2corner,
          co_window_of_opportunity_b, co_window_cross_2, co_window_4corner_a,
          glass_columns_a, serial_shops, shop, lemuel_flame_loot_1
D:2:      layout_basic, serial_shops, shop_coins, shop,
          nicolae_shop_tiny_real_fake_doors, nicolae_shop_peninsula, shop,
          minivault_23

Skill      XL: |  1  2 |
---------------+-------+-----
Dodging        | 3 |  3.3
Throwing       | 1 |  1.1
Fighting       | |  3.7
Polearms       | |  4.4
Armour         | |  1.3
Stealth        | |  0.1

Action                     || total
---------------------------++-------
  Melee: Spear             ||    68
         Punch             ||     1
 Invoke: Berserk           ||     1
   Stab: Sleeping          ||     2
 Armour: Animal skin       ||     4
  Dodge: Dodged            ||    30
